 Dungeon Crawl Stone Soup version 0.31-a0-455-g1a7b003ef0 (webtiles) character file.

Game seed: 4653723372309993761

561653 benadryl the Conqueror (level 25, -11/257 HPs)
             Began as a Minotaur Berserker on Aug 2, 2023.
             Was a Believer of Uskayaw.
             Mangled by a stone giant (26 damage)
             ... created by the rage of Trog
             ... on level 5 of the Realm of Zot on Aug 3, 2023.
             The game lasted 03:30:09 (72173 turns).

benadryl the Conqueror (Minotaur Berserker)        Turns: 72173, Time: 03:30:09

Health: -11/257    AC: 47    Str: 34    XL:     25   Next: 36%
Magic:  30/30      EV: 11    Int:  3    God:    Uskayaw [**....]
Gold:   4088       SH: 20    Dex:  5    Spells: 24/24 levels left

rFire   + + .        t - +9 broad axe (distort)
rCold   + + +        v - +2 kite shield {rC+ rF+}
rNeg    + . .        z - +4 gold dragon scales
rPois   +            (helmet restricted)
rElec   +            A - +2 cloak of Noon {rC+}
rCorr   .            l - +0 pair of gloves
SInv    +            E - +3 pair of seven-league boots {Rampage+∞}
Will    +++..        J - amulet "Uddoib" {Reflect Will+ Int+2 Dex-5 SH+5} Stlth
                     X - ring of the Doge {+Blink rElec rPois rN+ Int-5}
HPRegen 0.62/turn    f - ring of Esaav {Will+ AC+4 Int+2 Stlth+}
MPRegen 0.22/turn

%: reflection, rampage+∞
@: studying Maces & Flails, very slow
A: horns 2, retaliatory headbutt, iridescent scales 2, see invisible, sturdy
frame 1
}: 3/15 runes: decaying, serpentine, silver
a: Renounce Religion, Evoke Blink, Stomp, Line Pass


You were on level 5 of the Realm of Zot.
You worshipped Uskayaw.
Uskayaw was aware of your devotion.
You visited 10 branches of the dungeon, and saw 49 of its levels.
You also visited: Sewer, Gauntlet and Ice Cave.

You collected 8574 gold pieces.
You spent 4486 gold pieces at shops.

Inventory:

Hand Weapons
 t - a +9 broad axe of distortion (weapon)
Missiles
 b - 4 throwing nets
 M - 6 javelins (quivered)
 N - 11 boomerangs
Armour
 l - a +0 pair of gloves (worn)
 v - a +2 kite shield of resistance (worn)
 z - +4 gold dragon scales (worn)
 A - the +2 cloak of Noon (worn) {rC+}
   (You acquired it on level 3 of the Swamp)

   rC:        It protects you from cold.
 B - a +2 hat of intelligence
 E - the +3 pair of seven-league boots (worn) {Rampage+∞}
   (You found it on level 1 of the Realm of Zot)

   Rampage+∞: When moving toward enemies, its wearer moves as far as possible,
   alerting their target en route.
Jewellery
 f - the ring of Esaav (right hand) {Will+ AC+4 Int+2 Stlth+}
   (You took it off a tengu reaver on level 5 of the Vaults)

   [ring of protection]

   AC:        It affects your AC (+4).
   Int:       It affects your intelligence (+2).
   Will:      It increases your willpower.
   Stlth:     It makes you more stealthy.
 k - a +5 ring of evasion
 J - the amulet "Uddoib" (around neck) {Reflect Will+ Int+2 Dex-5 SH+5}
   (You found it on level 5 of the Lair of Beasts)

   [amulet of reflection]

   It reflects blocked missile attacks.
   Int:       It affects your intelligence (+2).
   Dex:       It affects your dexterity (-5).
   SH:        It affects your SH (+5).
   Will:      It increases your willpower.
 O - a ring of resist corrosion
 X - the ring of the Doge (left hand) {+Blink rElec rPois rN+ Int-5}
   (You found it in a Gauntlet)

   [ring of positive energy]

   Int:       It affects your intelligence (-5).
   rElec:     It insulates you from electricity.
   rPois:     It protects you from poison.
   rN:        It protects you from negative energy.
   +Blink:    It lets you blink.
Wands
 c - a wand of digging (14)
 i - a wand of mindburst (36)
 p - a wand of acid (65)
 L - a wand of charming (47)
 Q - a wand of roots (50)
 R - a wand of flame (102)
 Y - a wand of polymorph (15)
Scrolls
 a - 11 scrolls of poison
 n - 10 scrolls of vulnerability
 q - 26 scrolls of teleportation
 u - 3 scrolls of fog
 x - 3 scrolls of fear
 y - 3 scrolls of silence
 C - 2 scrolls of amnesia
 F - a scroll of noise
 I - a scroll of butterflies
 S - 3 scrolls of immolation
Potions
 d - 7 potions of lignification
 e - 7 potions of berserk rage
 h - 5 potions of mutation
 j - 17 potions of curing {@q1}
 m - 14 potions of attraction
 o - 8 potions of enlightenment
 r - 13 potions of might
 K - 6 potions of haste
 P - 5 potions of heal wounds
 U - a potion of cancellation
 Z - 2 potions of invisibility
Miscellaneous
 s - a tin of tremorstones (inert)
 H - a lightning rod (4/4)
 T - a phantom mirror
 V - a phial of floods (inert)
 W - a sack of spiders (inert)


   Skills:
 O Level 27 Fighting
 - Level 22.4 Axes
 - Level 16.0 Throwing
 - Level 22.1 Armour
 - Level 20.9 Dodging
 - Level 18.9 Shields
 * Level 11.8 Invocations
 - Level 8.0 Evocations


You had 24 spell levels left.
You didn't know any spells.
Your spell library contained the following spells:

 Spells                   Type           Power      Damage    Failure   Level
 Blink                    Tloc           0%         N/A       99%         2
 Lesser Beckoning         Tloc           0%         N/A       99%         2
 Momentum Strike          Conj/Tloc      0%         3d8       99%         2


Dungeon Overview and Level Annotations

Branches:
Dungeon (15/15)            Temple (0/1) D:6            Lair (5/5) D:9
  Swamp (4/4) Lair:2        Snake (4/4) Lair:3        Slime (0/5) Lair:5
    Orc (2/2) D:11            Elf (2/3) Orc:2        Vaults (5/5) D:13
  Crypt (3/3) Vaults:3     Depths (4/4) D:15            Zot (5/5) Depths:4
  Sewer (visited)           IceCv (visited)         Gauntlet (visited)
   Tomb: Crypt:3

Altars:
Cheibriados
Dithmenos
Elyvilon
Fedhas
Gozag
Hepliaklqana
Kikubaaqudgha
Nemelex Xobeh
Okawaru
Ru
Sif Muna
Trog
Uskayaw
Vehumet
Xom
The Shining One
Jiyva
Lugonu

Shops:
D:6 ?   D:14 ((::(   Orc:2 *[!(:   Snake:1 =:?(?   Vaults:1 *   Vaults:2 !
Depths:1 (   Depths:2 :?   Depths:3 ::=

Portals:
Hell: Depths:1 Depths:2 Depths:3 Depths:4
Abyss: Depths:1 Depths:3
Pandemonium: Depths:2
Ziggurat: Depths:3

Annotations:
D:8 2 transporters, IYTBazzie's ghost, novice AtIE
D:13 2 runed translucent doors
Orc:1 2 transporters, Hubris850's ghost, journeyman TrSh
Elf:2 5 runed translucent doors
Vaults:4 1 runed translucent door
Abyss:1 Boris; Zenata


Innate Abilities, Weirdness & Mutations

You have a pair of horns on your head.
You reflexively headbutt those who attack you in melee.
You are mostly covered in iridescent scales. (AC +4)
You have supernaturally acute eyesight. (SInv)
Your movements are slightly less encumbered by armour. (ER -2)


Message History

The burst of rock shards engulfs the black bear!
The burst of rock shards engulfs you but does no damage.
The burst of rock shards engulfs the stone giant.
The burst of rock shards engulfs the cyclops!
The burst of rock shards engulfs the stone giant but does no damage.
The burst of rock shards engulfs the stone giant.
You block the black bear's attack. x2
The black bear splashes around in the water.
The stone giant hits you.
* * * LOW HITPOINT WARNING * * *
You block the iron troll's attack. The iron troll claws you!
* * * LOW HITPOINT WARNING * * *
The iron troll claws you but does no damage.
The cyclops rages.
The stone giant hits you but does no damage.
The black bear closely misses you. You furiously retaliate!
You headbutt the black bear!
The black bear claws you but does no damage. x2
The iron troll barely misses you. You furiously retaliate!
You headbutt the iron troll!
The iron troll claws you but does no damage.
The iron troll barely misses you.
Okay, then.
The tremorstone explodes into fragments!
The burst of rock shards engulfs the black bear!!
You kill the black bear!
That felt strangely unrewarding.
The burst of rock shards engulfs the iron troll but does no damage. x2
The burst of rock shards engulfs the stone giant!
The burst of rock shards engulfs the iron troll but does no damage.
The burst of rock shards engulfs the stone giant!
The burst of rock shards engulfs the black bear!!
You kill the black bear!
That felt strangely unrewarding.
The burst of rock shards engulfs you but does no damage.
The burst of rock shards engulfs the stone giant.
The tin is emptied!
The stone giant hits you!!
* * * LOW HITPOINT WARNING * * *
The stone giant hits you!!
You die...

,,,,,,*#....##...######..##...#..
,,,,,,*#..).#..........)[^....#..
########....#.................#..
............#.........[.).[...#..
............#.................#..
............#.................'..
......##....#########....##...#..
......##########§####....##...#..
#####'##.......~@CC...........#..
.......#.......~TC§...........#..
...!...#.......~~~~...........#..
.......#.......~.~.##...###...#..
.......#...##.##...##'#########..
.......#...##.##...##.........#..
.......#......................###
.......#......................,,,
.......'...........###'###....**,


You could see an iron troll (berserk, waterlogged), 2 stone giants and a cyclops
(berserk, waterlogged).

Vanquished Creatures
  3 dread liches
  An ancient lich (Vaults:5)
  An orb of fire (Zot:5)
  A juggernaut (Depths:2)
  Boris (Vaults:4)
  Sojobo (Crypt:1)
  Vashnia (Snake:2)
  Xtahua (Vaults:3)
  Saint Roka (Snake:2)
  A curse toe (Zot:1)
  Nikola (Elf:1)
  10 golden dragons
  2 electric golems
  Mlioglotl (Snake:3)
  An Ice Fiend (IceCv)
  2 walking crystal tomes
  8 tentacled monstrosities
  2 walking earthen tomes
  8 Orb Guardians (Zot:5)
  A lich (Depths:3)
  3 titans (Vaults:5)
  6 quicksilver dragons
  A walking divine tome (Depths:3)
  Frances (Snake:1)
  6 death cobs
  7 storm dragons
  3 thorn hunters
  7 shadow dragons
  7 tengu reavers
  10 sphinxes
  The ghost of Newt the Tainted, an adept MfGl of Yredelemnul (Swamp:4)
  A fenstrider witch (Swamp:1)
  6 draconian monks
  Aizul (Snake:1)
  16 frost giants
  5 draconian knights
  A revenant (Crypt:1)
  7 fire giants
  14 vault wardens
  4 draconian scorchers
  A deep elf sorcerer (Elf:1)
  14 nagarajas (Snake:4)
  2 ghost moths
  A curse skull (Crypt:3)
  3 ghouls
  Louise (Swamp:2)
  3 draconian shifters
  7 draconian annihilators
  2 draconian stormcallers
  4 formless jellyfish
  2 orc warlords
  12 ironbound preservers
  A caustic shrike skeleton (Crypt:2)
  3 war gargoyles
  An ironbound thunderhulk (Vaults:3)
  9 very ugly things
  2 deep elf demonologists
  11 stone giants
  16 green draconians
  5 vampire knights
  Azrael (Snake:1)
  4 purple draconians
  7 black draconians
  13 yellow draconians
  8 white draconians
  4 bunyips
  A minotaur (shapeshifter) (Depths:3)
  Nessos (Lair:3)
  2 dire elephants
  A minotaur (Gauntlet)
  8 red draconians
  2 deep elf annihilators
  4 eidola
  9 spark wasps
  A deep elf death mage (Crypt:1)
  An acid blob zombie (Crypt:1)
  7 ettins
  9 fire dragons
  3 great orbs of eyes
  22 yaktaur captains
  6 jiangshi
  A shambling mangrove (Swamp:4)
  Josephine (D:13)
  2 deep elf high priests
  A rakshasa (Depths:1)
  18 hydras
  Fannar (Lair:3)
  4 entropy weavers
  38 vault guards
  2 spriggan zombies
  A peacekeeper (Vaults:3)
  Erolcha (Orc:2)
  2 spriggan air magi
  6 ice dragons
  2 salamander tyrants
  3 ogre magi
  An anaconda (shapeshifter) (D:13)
  9 ironbound frosthearts
  8 anacondas
  8 centaur warriors
  A boulder beetle (shapeshifter) (Depths:3)
  A catoblepas (D:13)
  7 boulder beetles
  A death scarab (Gauntlet)
  The ghost of Maxmaps the Martial Artist, a journeyman OpSh of Gozag (D:10)
  Erica (D:9)
  5 alligators
  7 dancing weapons
  7 deep troll shamans
  15 naga warriors
  4 deep troll earth magi
  14 two-headed ogres
  13 death yaks
  Urug (D:11)
  4 deep elf knights
  4 vampire magi
  2 orc high priests
  24 naga sharpshooters
  8 shock serpents
  4 spriggan berserkers
  9 tengu warriors
  A sun demon (Depths:4)
  10 hell knights
  12 iron trolls
  14 spriggans
  A skyshark (Lair:3)
  5 salamander mystics
  A fire crab (shapeshifter) (Vaults:2)
  Lodul (D:11)
  5 skeletal warriors (D:14)
  A death drake (shapeshifter) (Vaults:1)
  4 goliath frogs
  11 swamp dragons
  4 flayed ghosts
  11 spriggan simulacra
  3 glowing orange brains
  2 obsidian statues
  6 naga ritualists
  6 bog bodies
  10 phantasmal warriors
  49 deep trolls
  Pikel (D:4)
  5 spriggan druids
  5 deep elf archers
  9 wizards
  14 ironbound convokers
  11 orc knights
  5 mana vipers
  A sphinx zombie (Crypt:1)
  16 lindwurms
  15 deep elf pyromancers
  11 necromancers
  2 harpies (shapeshifter)
  4 harpies (Vaults:2)
  5 orc sorcerers
  14 deep elf zephyrmancers
  28 ugly things
  17 cyclopes
  A manticore (D:14)
  15 salamanders
  2 will-o-the-wisps (Swamp:2)
  An elephant (shapeshifter) (Vaults:5)
  24 black mambas
  16 moths of wrath
  6 guardian serpents
  A frost giant skeleton (Depths:1)
  2 ice statues (Elf:2)
  A torpor snail (shapeshifter) (Depths:2)
  3 elephants
  2 guardian serpents (shapeshifter)
  12 vault sentinels
  A torpor snail (Lair:4)
  A smoke demon (Depths:4)
  18 naga magi
  A gargoyle (D:11)
  15 cane toads
  An unseen horror (D:12)
  A kobold demonologist (D:10)
  8 rime drakes
  40 yaktaurs
  3 tengu conjurers
  10 freezing wraiths
  An anaconda simulacrum (IceCv)
  11 komodo dragons
  2 golden dragon simulacra (IceCv)
  A yaktaur skeleton (Vaults:3)
  A polar bear (shapeshifter) (D:15)
  A meliai (D:13)
  A queen bee (shapeshifter) (Depths:3)
  A troll (shapeshifter) (Depths:3)
  A bloated husk (Swamp:1)
  3 ice devils (IceCv)
  3 meliai (shapeshifter) (Depths:3)
  5 trolls
  15 hornets
  2 polar bears (Zot:5)
  A tyrant leech (shapeshifter) (Depths:2)
  A tengu simulacrum (Depths:1)
  2 tarantellas
  4 tyrant leeches
  8 blink frogs
  2 ettin zombies (Vaults:3)
  8 dream sheep
  A deep troll zombie (Vaults:3)
  A snapping turtle (shapeshifter) (Depths:3)
  2 tarantella zombies (Crypt:1)
  A raiju (Gauntlet)
  A hydra skeleton (Crypt:1)
  2 centaur simulacra
  5 water elementals
  An ettin skeleton (Crypt:2)
  A human simulacrum (Vaults:3)
  A spectral black mamba (Gauntlet)
  7 flying skulls
  A jumping spider (Vaults:1)
  20 slime creatures
  A shadow (D:11)
  A spriggan (shapeshifter) (Depths:3)
  A dire elephant simulacrum (IceCv)
  A naga simulacrum (Crypt:2)
  A vampire (D:10)
  10 wraiths
  59 yaks
  A yak (shapeshifter) (Depths:3)
  7 fire bats (Depths:2)
  A human (shapeshifter) (D:14)
  10 minotaur simulacra (IceCv)
  5 wyverns
  6 redbacks
  A steam dragon (D:7)
  7 fire elementals
  9 basilisks
  A warg (shapeshifter) (Vaults:5)
  10 vampire mosquitoes
  17 swamp worms
  3 harpy simulacra (IceCv)
  5 wargs
  A swamp worm (shapeshifter) (Depths:2)
  45 nagas
  Edmund (D:5)
  4 hell hounds (Snake:1)
  An acid dragon (shapeshifter) (Depths:3)
  2 hydra simulacra
  2 acid dragons
  20 water moccasins
  A floating eye (shapeshifter) (Depths:3)
  6 swamp drakes
  A floating eye (Depths:3)
  An ettin simulacrum (IceCv)
  A black bear (shapeshifter) (D:13)
  2 naga skeletons
  34 orc warriors
  3 ice beasts
  9 black bears
  9 boggarts
  A wolf (shapeshifter) (Depths:3)
  2 alligator simulacra (IceCv)
  A tengu (shapeshifter) (D:13)
  4 centaurs
  20 ogres
  12 wolves
  An elephant skeleton (Crypt:2)
  A lindwurm skeleton (Crypt:1)
  2 lemures (D:4)
  6 kobold brigands
  2 phantoms
  Blork the orc (Orc:2)
  10 bullfrogs
  2 gnoll sergeants
  4 scorpions
  A komodo dragon skeleton (Crypt:1)
  4 necrophages
  An elf skeleton (Crypt:1)
  5 deep troll simulacra (IceCv)
  13 wights
  13 killer bees
  A lindwurm simulacrum (IceCv)
  An electric eel (Lair:2)
  4 vampire bats (D:13)
  A howler monkey (D:6)
  A crimson imp (Orc:2)
  2 lava snakes (D:7)
  6 jellies
  26 orc priests
  An iron imp (Orc:2)
  5 hounds
  A gnoll bouda (Orc:1)
  Jessica (D:2)
  A centaur skeleton (Crypt:2)
  3 iguanas
  Terence (D:2)
  A sleepcap (D:6)
  Natasha (thrice) (D:2)
  25 orc wizards
  4 hell rats (Lair:4)
  A statue (D:8)
  2 lightning spires
  13 gnolls
  7 adders
  5 river rats (Sewer)
  3 shadow imps
  A white imp (Orc:2)
  An ufetubus (D:6)
  5 dart slugs
  2 worms
  87 orcs
  19 bats
  6 endoplasms
  5 giant cockroaches
  8 goblins
  11 hobgoblins
  A jackal (Sewer)
  13 kobolds
  5 quokkas
  3 training dummies (Depths:1)
  9 ball pythons
  7 frilled lizards
  A jackal zombie (Crypt:2)
  6 rats
  A rat skeleton (Crypt:3)
1950 creatures vanquished.

Vanquished Creatures (collateral kills)
  A walking earthen tome (Depths:3)
  A storm dragon (Depths:3)
  A vault warden (Vaults:3)
  A fire dragon (Depths:3)
  A vault guard (Vaults:3)
  An alligator (Swamp:1)
  An ironbound frostheart (Vaults:3)
  2 naga warriors (Snake:4)
  A spriggan berserker (Depths:3)
  A deep elf knight (Elf:1)
  A naga sharpshooter (Snake:2)
  2 goliath frogs
  2 deep elf archers (Elf:1)
  A will-o-the-wisp (Swamp:2)
  A guardian serpent (Snake:1)
  A vault sentinel (Vaults:4)
  A black mamba (Snake:1)
  A naga mage (Snake:2)
  A komodo dragon (Lair:1)
  3 yaktaurs (Vaults:3)
  2 tyrant leeches (Swamp:1)
  A vampire mosquito (Swamp:1)
  2 orc priests
30 creatures vanquished.

Vanquished Creatures (others)
  A nagaraja (Snake:4)
  2 draconian knights (Zot:1)
  An orc warlord (Elf:1)
  An ironbound preserver (Vaults:3)
  A yellow draconian (Zot:2)
  A deep elf death mage (Elf:1)
  A salamander tyrant (Snake:4)
  An ogre mage (Vaults:5)
  A wizard (D:9)
  An orc sorcerer (Snake:2)
  A black mamba (Snake:3)
  A naga (Snake:3)
  2 orc warriors
  A boggart (Vaults:1)
  An orc priest (Elf:1)
  36 foxfires (Swamp:2)
53 creatures vanquished.

Grand Total: 2033 creatures vanquished

Notes
Turn   | Place    | Note
-------+----------+-------------------------------------------
     0 | D:1      | benadryl the Minotaur Berserker began the quest for the
                  | Orb.
     0 | D:1      | Reached XP level 1. HP: 19/19 MP: 0/0
   156 | D:1      | Reached XP level 2. HP: 25/27 MP: 1/1
   254 | D:1      | Reached skill level 4 in Fighting
   329 | D:1      | Reached ** piety under Trog
   408 | D:1      | Reached XP level 3. HP: 33/33 MP: 2/2
   694 | D:1      | Found a faded altar of an unknown god.
   910 | D:2      | Noticed Jessica
   913 | D:2      | Killed Jessica
   914 | D:2      | Reached skill level 5 in Axes
   942 | D:2      | Found a hazy altar of Hepliaklqana.
   960 | D:2      | Noticed Natasha
   972 | D:2      | Killed Natasha
   973 | D:2      | Reached XP level 4. HP: 36/41 MP: 3/3
   979 | D:2      | Noticed Natasha
   989 | D:2      | Killed Natasha
  1057 | D:2      | Noticed Terence
  1067 | D:2      | Killed Terence
  1068 | D:2      | Reached skill level 5 in Fighting
  1068 | D:2      | Reached XP level 5. HP: 39/48 MP: 4/4
  1113 | D:2      | Noticed Natasha
  1125 | D:2      | Killed Natasha
  1812 | D:3      | Found a glowing drain.
  1816 | Sewer    | Entered a sewer
  1888 | Sewer    | Reached *** piety under Trog
  1914 | Sewer    | Reached XP level 6. HP: 52/56 MP: 5/5
  2715 | D:3      | Reached **** piety under Trog
  2815 | D:4      | Found a blossoming altar of Fedhas.
  2815 | D:4      | Found a hide-covered altar of Uskayaw.
  2815 | D:4      | Found an ancient bone altar of Kikubaaqudgha.
  2874 | D:4      | Found an iron altar of Okawaru.
  2900 | D:4      | Reached skill level 6 in Fighting
  2905 | D:4      | Identified the +4 sling of Interdependent Arising {elec,
                  | Str+4}
  3104 | D:4      | Found a sparkling altar of Nemelex Xobeh.
  3275 | D:4      | Noticed Pikel
  3283 | D:4      | Killed Pikel
  3284 | D:4      | Reached skill level 7 in Fighting
  3284 | D:4      | Reached XP level 7. HP: 38/66 MP: 6/6
  3598 | D:4      | Found a shimmering altar of Xom.
  3806 | D:5      | Entered Level 5 of the Dungeon
  3934 | D:5      | Noticed Edmund
  3950 | D:5      | Killed Edmund
  3951 | D:5      | Reached XP level 8. HP: 65/73 MP: 7/7
  3963 | D:5      | Identified the +0 scale mail of Gravitas {rPois Int+2 Dex-3
                  | Slay+5}
  4012 | D:5      | Reached skill level 10 in Axes
  4260 | D:5      | Reached skill level 8 in Fighting
  4415 | D:5      | You fall into a shaft and drop 1 floor!
  4461 | D:6      | Found a hide-covered altar of Uskayaw.
  4578 | D:6      | Found a staircase to the Ecumenical Temple.
  4967 | D:6      | Found Donesur's Magic Scroll Shoppe.
  5294 | D:7      | Found a snail-covered altar of Cheibriados.
  5418 | D:7      | Reached skill level 9 in Fighting
  5418 | D:7      | Reached XP level 9. HP: 83/83 MP: 8/8
  5467 | D:6      | Bought a scroll of brand weapon for 95 gold pieces
  5624 | D:7      | Identified the +5 dagger of Painful Death {antimagic, rElec
                  | rC+ Str-5 Int+4}
  6074 | D:7      | Found a shimmering blue altar of Sif Muna.
  6532 | D:8      | Reached skill level 10 in Fighting
  6573 | D:8      | Found a transporter.
  6668 | D:8      | Found a bloodstained altar of Trog.
  6674 | D:8      | Found a transporter.
  6675 | D:8      | Noticed IYTBazzie's ghost (novice AtIE)
  6699 | D:8      | Noticed a two-headed ogre
  6705 | D:8      | Noticed a moth of wrath
  6813 | D:8      | Reached XP level 10. HP: 94/94 MP: 9/9
  6870 | D:8      | Found a radiant altar of Vehumet.
  7036 | D:8      | Reached ***** piety under Trog
  7099 | D:9      | Found a staircase to the Lair.
  7102 | D:9      | Reached skill level 11 in Fighting
  7109 | D:9      | Reached skill level 15 in Axes
  7286 | D:9      | Noticed a tengu warrior
  7286 | D:9      | Noticed a wizard
  7293 | D:9      | Noticed a boulder beetle
  7294 | D:9      | Noticed a centaur warrior
  7295 | D:9      | Noticed a deep elf pyromancer
  7296 | D:9      | Noticed a boulder beetle
  7476 | D:9      | Found a white marble altar of Elyvilon.
  7480 | D:9      | Found a hazy altar of Hepliaklqana.
  7484 | D:9      | Found an opulent altar of Gozag.
  7491 | D:9      | Found a bloodstained altar of Trog.
  7502 | D:9      | Found the ring of the Octopus King
  7733 | D:9      | Noticed Erica
  7737 | D:9      | Killed Erica
  7741 | D:9      | Reached skill level 12 in Fighting
  8026 | D:9      | Noticed a two-headed ogre
  8028 | D:9      | Killed a two-headed ogre
  8029 | D:9      | Reached XP level 11. HP: 105/105 MP: 10/10
  8184 | D:10     | Entered Level 10 of the Dungeon
  8385 | D:10     | Reached skill level 13 in Fighting
  8385 | D:10     | Reached skill level 5 in Armour
  8386 | D:10     | Found a runed translucent door.
  8391 | D:10     | Noticed Maxmaps's ghost (journeyman OpSh)
  8722 | D:10     | Identified the +0 pair of boots of Poor Excuses {rElec}
  8798 | D:10     | Found a shadowy altar of Dithmenos.
  8809 | D:10     | Identified the +5 long sword "Mitu" {pain, rC+ Int+3 Dex+3}
  8819 | D:10     | Found a glowing golden altar of the Shining One.
  8927 | D:10     | Noticed a two-headed ogre
  8933 | D:10     | Killed a two-headed ogre
  9283 | D:10     | Killed Maxmaps's ghost
  9284 | D:10     | Reached skill level 14 in Fighting
  9380 | D:11     | Found a staircase to the Orcish Mines.
  9689 | D:11     | Noticed Urug
  9697 | D:11     | Killed Urug
  9844 | D:11     | Noticed Lodul
  9866 | D:11     | Killed Lodul
 10079 | D:11     | Reached skill level 15 in Fighting
 10079 | D:11     | Reached XP level 12. HP: 113/119 MP: 11/11
 10082 | D:11     | Reached skill level 1 in Shields
 10094 | D:11     | Reached ****** piety under Trog
 10185 | D:11     | Noticed a centaur warrior
 10195 | D:11     | Killed a centaur warrior
 10729 | D:12     | Reached skill level 5 in Shields
 11056 | D:12     | Noticed a two-headed ogre
 11162 | D:12     | Received a gift from Trog
 11400 | D:12     | Killed a two-headed ogre
 11401 | D:12     | Reached skill level 16 in Fighting
 11947 | D:12     | Noticed a centaur warrior
 11950 | D:12     | Killed a centaur warrior
 12132 | D:13     | Noticed a two-headed ogre
 12135 | D:13     | Noticed Josephine
 12149 | D:13     | Killed a two-headed ogre
 12273 | D:13     | Killed Josephine
 12274 | D:13     | Reached skill level 1 in Throwing
 12509 | D:13     | Noticed an eight-headed hydra
 12516 | D:13     | Killed a ten-headed hydra
 12517 | D:13     | Reached XP level 13. HP: 130/130 MP: 12/12
 12529 | D:13     | Found a gate to the Vaults.
 12905 | D:13     | Reached skill level 5 in Throwing
 13505 | D:13     | Found a runed translucent door.
 13505 | D:13     | Found a runed translucent door.
 13515 | D:13     | Identified the +10 arbalest of Irrepressible Laughter
                  | {penet, rElec rPois Str+3 Stlth+}
 13516 | D:13     | Identified the +2 broad axe "Teyneruc" {flame, *Corrode
                  | SInv Stlth+}
 14286 | Lair:1   | Entered Level 1 of the Lair of Beasts
 14316 | Lair:1   | Found a gate leading to a gauntlet.
 14328 | Gauntlet | Entered a Gauntlet
 14328 | Gauntlet | Found a transporter.
 14331 | Gauntlet | Found a transporter.
 14333 | Gauntlet | Found a transporter.
 14348 | Gauntlet | Found a transporter.
 14350 | Gauntlet | Found a transporter.
 14360 | Gauntlet | Found a transporter.
 14375 | Gauntlet | Found a transporter.
 14385 | Gauntlet | Found a transporter.
 14395 | Gauntlet | Found a transporter.
 14413 | Gauntlet | Found a transporter.
 14419 | Gauntlet | Found a transporter.
 14422 | Gauntlet | Found a transporter.
 14539 | Gauntlet | Found a transporter.
 14612 | Gauntlet | Identified the ring of the Doge {+Blink rElec rPois rN+
                  | Int-5}
 14741 | Gauntlet | Identified the +7 lajatang of the Warrior {venom, rF-
                  | Int+4}
 14741 | Gauntlet | Noticed a minotaur
 14748 | Gauntlet | Killed a minotaur
 14760 | Gauntlet | Identified the staff "Wuloen" {rC+ Will+ Int-4 Dex+3 Ice}
 14760 | Gauntlet | Identified the +0 chain mail of the Trombone {rCorr Str+5}
 15847 | Lair:2   | Received a gift from Trog
 15857 | Lair:2   | Reached XP level 14. HP: 133/138 MP: 13/13
 16033 | Lair:2   | Reached skill level 10 in Shields
 16075 | Lair:2   | Found a staircase to the Swamp.
 16701 | Lair:3   | Noticed Fannar
 16714 | Lair:3   | Killed Fannar
 17022 | Lair:3   | Found a staircase to the Snake Pit.
 17113 | Lair:3   | Reached skill level 17 in Fighting
 17188 | Lair:3   | Noticed Nessos
 17197 | Lair:3   | Killed Nessos
 18373 | Lair:4   | You fall into a shaft and drop 1 floor!
 18373 | Lair:5   | Entered Level 5 of the Lair of Beasts
 18373 | Lair:5   | Found a snail-covered altar of Cheibriados.
 18378 | Lair:5   | Received a gift from Trog
 18547 | Lair:5   | Reached XP level 15. HP: 142/149 MP: 14/14
 18550 | Lair:5   | Reached skill level 18 in Fighting
 18563 | Lair:5   | Found a staircase to the Slime Pits.
 18570 | Lair:5   | Found a viscous altar of Jiyva.
 18853 | Lair:5   | Reached skill level 15 in Shields
 18908 | Lair:5   | Identified the amulet "Uddoib" {Reflect Will+ Int+2 Dex-5
                  | SH+5}
 18910 | Lair:5   | Identified the amulet "Xaollug" {Spirit *Slow Regen+ Dex+3
                  | SInv}
 19309 | Orc:1    | Entered Level 1 of the Orcish Mines
 19330 | Orc:1    | Received a gift from Trog
 19393 | Orc:1    | Reached skill level 19 in Fighting
 19485 | Orc:1    | Found a transporter.
 19485 | Orc:1    | Noticed Hubris850's ghost (journeyman TrSh)
 19500 | Orc:1    | Found a transporter.
 20028 | Orc:2    | Entered Level 2 of the Orcish Mines
 20312 | Orc:2    | Noticed Erolcha
 20314 | Orc:2    | Found Zinyokh's Distillery.
 20327 | Orc:2    | Killed Erolcha
 20401 | Orc:2    | Noticed Blork the orc
 20482 | Orc:2    | Killed Blork the orc
 20872 | Orc:2    | Found Geirat's Book Shop.
 20888 | Orc:2    | Found Lezikkoogo's Antique Armour Shop.
 20920 | Orc:2    | Received a gift from Trog
 20960 | Orc:2    | Found Wipides's Antique Weapon Shop.
 20986 | Orc:2    | Found Cawaquny's General Store.
 20993 | Orc:2    | Bought a scroll of acquirement for 728 gold pieces
 20993 | Orc:2    | Acquired 585 gold pieces
 21019 | Orc:2    | Found a staircase to the Elven Halls.
 21303 | Orc:2    | Identified the +0 hat of the Hurricane {rPois Int+3 SInv}
 21745 | Orc:2    | Bought a crystal plate armour for 2000 gold pieces
 21951 | D:14     | Found Hairisi's Weapon Boutique.
 21951 | D:14     | Found Funuanym's Tiny Tomes.
 22066 | D:14     | Reached skill level 20 in Fighting
 22097 | D:14     | Identified the +6 chain mail of Rekaph {Harm Will+ Regen+
                  | Str-2}
 22102 | D:14     | Found Dymon's Book Emporium.
 22379 | D:14     | Reached skill level 5 in Dodging
 22511 | D:14     | Found Sahisa Bink's Antique Weapon Boutique.
 22542 | D:14     | Found Umiuzeb's Weapon Shop.
 22806 | D:15     | Entered Level 15 of the Dungeon
 23350 | D:15     | Found a staircase to the Depths.
 24154 | Swamp:1  | Entered Level 1 of the Swamp
 24160 | Swamp:1  | Reached XP level 16. HP: 149/162 MP: 15/15
 24184 | Swamp:1  | Reached skill level 10 in Dodging
 25154 | Swamp:1  | Acquired a +0 broad axe of distortion
 25640 | Swamp:2  | Noticed Louise
 25660 | Swamp:2  | Killed Louise
 26625 | Swamp:2  | Reached skill level 10 in Armour
 26637 | Swamp:2  | HP: 11/243 [acid (11)]
 26639 | Swamp:2  | HP: 4/243 [something] (7)]
 27066 | Swamp:2  | Noticed a thorn hunter
 27074 | Swamp:2  | Killed a thorn hunter
 27213 | Swamp:2  | Paralysed by a hornet for 1 turns
 28896 | Swamp:3  | Noticed a thorn hunter
 29320 | Swamp:3  | Killed a thorn hunter
 29512 | Swamp:3  | Identified the +10 plate armour of the Good {rCorr MP+9
                  | Int+2}
 29558 | Swamp:3  | Found a sacrificial altar of Ru.
 29584 | Swamp:3  | Acquired the +2 cloak of Noon {rC+}
 29793 | Swamp:4  | Entered Level 4 of the Swamp
 29873 | Swamp:4  | Found a runed translucent door.
 29900 | Swamp:4  | Received a gift from Trog
 29903 | Swamp:4  | Noticed Newt's ghost (adept MfGl)
 30177 | Swamp:4  | Reached XP level 17. HP: 70/170 MP: 16/16
 30666 | Swamp:4  | Reached skill level 15 in Armour
 30806 | Swamp:4  | HP: 6/170 [something/blast of flame (19)]
 31520 | Swamp:4  | Got a decaying rune of Zot
 31834 | Swamp:4  | Killed Newt's ghost
 31841 | Swamp:4  | Identified the +0 scale mail of the Rose {rC- Str+3 Dex+7
                  | Slay-3}
 32014 | Snake:1  | Entered Level 1 of the Snake Pit
 32042 | Snake:1  | Reached skill level 1 in Evocations
 32162 | Snake:1  | Noticed Aizul
 32175 | Snake:1  | Killed Aizul
 32474 | Snake:1  | Found Seat Gyrgh's Magic Scroll Shop.
 32478 | Snake:1  | Noticed Frances
 32493 | Snake:1  | Killed Frances
 32543 | Snake:1  | Reached skill level 5 in Evocations
 32608 | Snake:1  | Noticed Azrael
 32645 | Snake:1  | Killed Azrael
 32705 | Snake:1  | Found Noanaplu's Magic Scroll Emporium.
 32927 | Snake:1  | Found Xusmad's Weapon Emporium.
 32927 | Snake:1  | Found Adupt's Jewellery Shoppe.
 32944 | Snake:1  | Found Muzxod's Book Shoppe.
 33449 | Snake:2  | Noticed Saint Roka
 33464 | Snake:2  | Killed Saint Roka
 33561 | Snake:2  | Received a gift from Trog
 33707 | Snake:2  | Noticed Vashnia
 33728 | Snake:2  | Killed Vashnia
 33734 | Snake:2  | Reached skill level 21 in Fighting
 34540 | Snake:3  | Reached XP level 18. HP: 89/183 MP: 17/17
 34845 | Snake:1  | Bought a scroll of acquirement for 676 gold pieces
 34845 | Snake:1  | Acquired 896 gold pieces
 35042 | Snake:3  | Reached skill level 22 in Fighting
 35042 | Snake:3  | Noticed Mlioglotl
 35060 | Snake:3  | Killed Mlioglotl
 35231 | Snake:3  | Found a radiant altar of Vehumet.
 35627 | Snake:4  | Entered Level 4 of the Snake Pit
 35890 | Snake:4  | Reached skill level 23 in Fighting
 36332 | Snake:4  | Received a gift from Trog
 37237 | Snake:4  | Reached skill level 24 in Fighting
 38578 | Snake:4  | Received a gift from Trog
 39015 | Snake:4  | Got a serpentine rune of Zot
 39401 | Elf:1    | Entered Level 1 of the Elven Halls
 39473 | Elf:1    | Noticed Nikola
 39748 | Elf:1    | Reached XP level 19. HP: 200/200 MP: 18/18
 39756 | Elf:1    | Killed Nikola
 39786 | Elf:1    | Received a gift from Trog
 41156 | D:9      | Identified a ring of the Octopus King {rC+ HP+2 AC+2 EV+2
                  | SH+2}
 41531 | Elf:2    | Found a frozen archway.
 41551 | IceCv    | Entered an ice cave
 42100 | IceCv    | Gained mutation: Your magical capacity is low. (-10% MP) [a
                  | neqoxec]
 43080 | Elf:2    | Received a gift from Trog
 43166 | Elf:2    | Found a huge runed translucent gate.
 43166 | Elf:2    | Found a huge runed translucent gate.
 43166 | Elf:2    | Found a huge runed translucent gate.
 43166 | Elf:2    | Found a huge runed translucent gate.
 43169 | Elf:2    | Found a huge runed translucent gate.
 43358 | Vaults:1 | Entered Level 1 of the Vaults
 44347 | Vaults:1 | Found Utulow's Assorted Antiques.
 44352 | Vaults:1 | Bought a scroll of enchant armour for 217 gold pieces
 44352 | Vaults:1 | Bought a scroll of enchant weapon for 217 gold pieces
 44416 | Vaults:1 | Upgraded the game from 0.31-a0-441-g867994ef1c to
                  | 0.31-a0-455-g1a7b003ef0
 44450 | Vaults:1 | Received a gift from Trog
 44855 | Vaults:2 | Found Dacryi Ocoaf's Distillery.
 44867 | Vaults:2 | Bought 3 potions of heal wounds for 180 gold pieces
 44867 | Vaults:2 | Bought a potion of heal wounds for 60 gold pieces
 45003 | Vaults:2 | Reached XP level 20. HP: 175/209 MP: 17/17
 46041 | Vaults:2 | Received a gift from Trog
 47446 | Vaults:3 | Noticed Xtahua
 47449 | Vaults:3 | Paralysed by Xtahua for 5 turns
 47462 | Vaults:3 | Killed Xtahua
 47695 | Vaults:3 | Found a staircase to the Crypt.
 47702 | Vaults:3 | Reached XP level 21. HP: 203/216 MP: 17/17
 47876 | Vaults:3 | Reached skill level 25 in Fighting
 47892 | Vaults:3 | Received a gift from Trog
 49407 | Vaults:4 | Reached skill level 26 in Fighting
 49523 | Vaults:4 | Noticed Boris
 49781 | Vaults:4 | Killed Boris
 50239 | Vaults:4 | Found a runed translucent door.
 50768 | Depths:1 | Entered Level 1 of the Depths
 50768 | Depths:1 | Found a corrupted altar of Lugonu.
 50768 | Depths:1 | Found a one-way gate to the infinite horrors of the Abyss.
 51016 | Depths:1 | Received a gift from Trog
 51202 | Depths:1 | Paralysed by a vampire knight for 4 turns
 51220 | Depths:1 | Reached skill level 27 in Fighting
 51520 | Depths:1 | Reached skill level 10 in Throwing
 52093 | Depths:1 | Found a gateway to Hell.
 52196 | Depths:1 | Found a shimmering blue altar of Sif Muna.
 52400 | Depths:1 | Found Nuemece's Firing Range.
 52473 | Depths:2 | Found Imaof's Book Shoppe.
 52582 | Depths:2 | Identified the +5 halberd "Weraps" {heavy, *Noise Fragile
                  | Int+9 SInv}
 53081 | Depths:2 | Identified the ring "Kyemeaph" {Ice rN++ Str-5 Dex+2
                  | Slay+5}
 53226 | Depths:2 | Received a gift from Trog
 53228 | Depths:2 | Noticed a juggernaut
 53235 | Depths:2 | Banished a juggernaut
 53236 | Depths:2 | Reached XP level 22. HP: 207/233 MP: 18/18
 53240 | Depths:2 | Noticed a juggernaut
 53252 | Depths:2 | Killed a juggernaut
 53278 | Depths:2 | Found a one-way gate leading to the halls of Pandemonium.
 53607 | Depths:2 | Noticed a golden dragon
 53620 | Depths:2 | Killed a golden dragon
 53918 | Depths:2 | Found Suotao's Magic Scroll Boutique.
 54006 | Depths:2 | Noticed a golden dragon
 54020 | Depths:2 | Killed a golden dragon
 54176 | Depths:2 | Bought a scroll of teleportation for 57 gold pieces
 54176 | Depths:2 | Bought a scroll of teleportation for 57 gold pieces
 54176 | Depths:2 | Bought a scroll of enchant armour for 142 gold pieces
 54176 | Depths:2 | Bought a scroll of teleportation for 57 gold pieces
 54520 | Depths:3 | Found a one-way gateway to a ziggurat.
 54578 | Depths:3 | Found a blossoming altar of Fedhas.
 54817 | Depths:3 | Paralysed by a floating eye for 4 turns
 54823 | Depths:3 | Paralysed by a floating eye for 2 turns
 54900 | Depths:3 | Received a gift from Trog
 55038 | Depths:3 | Reached skill level 15 in Throwing
 55094 | Depths:3 | Noticed a golden dragon
 55104 | Depths:3 | Killed a golden dragon
 55571 | Depths:3 | Identified the +5 short sword of Doubt {pain, Dex+3}
 56211 | Depths:3 | Noticed Boris
 56228 | Depths:3 | Banished Boris
 56475 | Depths:3 | Found Werhonay's Book Emporium.
 56476 | Depths:3 | Found Jijiv's Jewellery Boutique.
 56477 | Depths:3 | Found Epio's Book Emporium.
 56665 | Depths:4 | Entered Level 4 of the Depths
 56931 | Depths:4 | Found a glowing golden altar of the Shining One.
 56989 | Depths:4 | Identified the +2 hand axe "Zuutsixt" {heavy, rPois rF+
                  | Str+3 Stlth-} (Trog gifted it to you on level 4 of the
                  | Depths)
 56989 | Depths:4 | Received a gift from Trog
 57005 | Depths:4 | Found a gate to the Realm of Zot.
 57005 | Depths:4 | Noticed a golden dragon
 57034 | Depths:4 | Killed a golden dragon
 57036 | Depths:4 | Reached skill level 15 in Dodging
 58477 | Vaults:5 | Entered Level 5 of the Vaults
 58482 | Vaults:5 | Reached XP level 23. HP: 234/240 MP: 19/19
 58877 | Vaults:5 | Paralysed by an ogre mage for 4 turns
 59470 | Vaults:5 | Identified the +9 hand axe of Strategic Superiority {spect,
                  | Will+}
 59472 | Vaults:5 | Identified the +2 short sword of Zorudgh {speed, rF+ rN+
                  | Str-4 Dex+3}
 59852 | Vaults:5 | Identified the +8 hand axe of Blue Superiority {flame,
                  | *Rage Str+3 Dex+3} (Trog gifted it to you on level 5 of the
                  | Vaults)
 59852 | Vaults:5 | Received a gift from Trog
 60271 | Vaults:5 | Noticed a dread lich
 60276 | Vaults:5 | Paralysed by a dread lich for 5 turns
 60295 | Vaults:5 | Killed a dread lich
 60578 | Vaults:5 | Identified the ring "Liem Qea" {rC+ Str+6}
 60954 | Vaults:5 | Identified the +6 war axe of Xuzxybeg {pain, rF+ rN+ Will+}
 60957 | Vaults:5 | Identified the ring "Idilimob" {Ice Int+2}
 60992 | Vaults:5 | Identified the ring of Esaav {Will+ AC+4 Int+2 Stlth+}
 61048 | Vaults:5 | Identified the +1 shortbow "Nimmess" {heavy, rElec rPois
                  | rF++ Dex-2}
 61052 | Vaults:5 | Identified the ring of the Komtur {+Blink rPois Int+6 Dex-4
                  | Stlth+}
 61317 | Vaults:5 | Noticed an ancient lich
 61329 | Vaults:5 | Killed an ancient lich
 61505 | Vaults:5 | Got a silver rune of Zot
 61609 | Vaults:5 | Identified the staff of Valiance {rElec rPois Str+8 Stlth-
                  | Air}
 62080 | Zot:1    | Entered Level 1 of the Realm of Zot
 62271 | Zot:1    | Found the +3 pair of seven-league boots {Rampage+∞}
 62503 | Zot:1    | Identified the +2 broad axe "Wuzyth" {heavy, Fly SInv}
                  | (Trog gifted it to you on level 1 of the Realm of Zot)
 62503 | Zot:1    | Received a gift from Trog
 62868 | Zot:1    | Noticed a curse toe
 62874 | Zot:1    | Reached XP level 24. HP: 168/249 MP: 19/19
 65339 | Zot:2    | Received a gift from Trog
 65783 | Zot:2    | You fall into a shaft and drop 2 floors!
 67969 | Zot:4    | Reached skill level 1 in Invocations
 68319 | D:6      | Fell from the grace of Trog
 68319 | D:6      | Became a worshipper of Uskayaw the Reveller
 68714 | Zot:4    | Reached * piety under Uskayaw
 68718 | Zot:4    | Reached ** piety under Uskayaw
 69053 | Zot:5    | Entered Level 5 of the Realm of Zot
 69073 | Zot:5    | Reached *** piety under Uskayaw
 69075 | Zot:5    | Reached **** piety under Uskayaw
 69077 | Zot:5    | Reached ***** piety under Uskayaw
 69085 | Zot:5    | Reached ****** piety under Uskayaw
 69608 | Crypt:1  | Entered Level 1 of the Crypt
 69854 | Crypt:1  | Noticed Sojobo
 69865 | Crypt:1  | Killed Sojobo
 69866 | Crypt:1  | Reached skill level 5 in Invocations
 69971 | Crypt:1  | Noticed Zenata
 69975 | Crypt:1  | Banished Zenata
 70357 | Crypt:2  | Reached XP level 25. HP: 254/257 MP: 24/24
 70376 | Crypt:3  | Entered Level 3 of the Crypt
 71229 | Zot:5    | Noticed a dread lich
 71241 | Zot:5    | Banished a dread lich
 71242 | Zot:5    | Reached skill level 10 in Invocations
 71288 | Zot:5    | Noticed a dread lich
 71305 | Zot:5    | Noticed an orb of fire
 71307 | Zot:5    | Noticed a Killer Klown
 71307 | Zot:5    | Noticed an ancient lich
 71308 | Zot:5    | Gained mutation: Armour fits poorly on your strangely
                  | shaped body. [an orb of fire]
 71309 | Zot:5    | Banished an ancient lich
 71331 | Zot:5    | Gained mutation: You are occasionally teleported next to
                  | monsters. [an orb of fire]
 71353 | Zot:5    | Noticed a dread lich
 71762 | Zot:4    | Lost mutation: Armour fits poorly on your strangely shaped
                  | body. [potion of mutation]
 71762 | Zot:4    | Lost mutation: Your magical capacity is low. (-10% MP)
                  | [potion of mutation]
 71762 | Zot:4    | Gained mutation: You are often teleported next to monsters.
                  | [potion of mutation]
 71762 | Zot:4    | Gained mutation: You are vulnerable to heat. (rF-) [potion
                  | of mutation]
 71762 | Zot:4    | Gained mutation: Your mind is acute. (Int +4, Str/Dex -1)
                  | [potion of mutation]
 71762 | Zot:4    | Gained mutation: You are somewhat resistant to further
                  | mutation. [potion of mutation]
 71763 | Zot:4    | Lost mutation: You are often teleported next to monsters.
                  | [potion of mutation]
 71763 | Zot:4    | Lost mutation: You are somewhat resistant to further
                  | mutation. [potion of mutation]
 71763 | Zot:4    | Gained mutation: Your body sometimes deteriorates upon
                  | taking damage. [potion of mutation]
 71763 | Zot:4    | Gained mutation: You have a pair of large horns on your
                  | head. [potion of mutation]
 71764 | Zot:4    | Lost mutation: You have a pair of large horns on your head.
                  | [potion of mutation]
 71764 | Zot:4    | Lost mutation: Your body sometimes deteriorates upon taking
                  | damage. [potion of mutation]
 71764 | Zot:4    | Lost mutation: You are occasionally teleported next to
                  | monsters. [potion of mutation]
 71764 | Zot:4    | Gained mutation: Your muscles are strong. (Str +4, Int/Dex
                  | -1) [potion of mutation]
 71765 | Zot:4    | Lost mutation: Your mind is acute. (Int +4, Str/Dex -1)
                  | [potion of mutation]
 71765 | Zot:4    | Lost mutation: You are vulnerable to heat. (rF-) [potion of
                  | mutation]
 71765 | Zot:4    | Lost mutation: Your muscles are strong. (Str +4, Int/Dex
                  | -1) [potion of mutation]
 71765 | Zot:4    | Gained mutation: You have a pair of large horns on your
                  | head. [potion of mutation]
 71765 | Zot:4    | Gained mutation: You passively map a small area around you.
                  | [potion of mutation]
 71765 | Zot:4    | Gained mutation: You are strong-willed. (Will+) [potion of
                  | mutation]
 71802 | Zot:5    | Gained mutation: You occasionally lose the ability to read
                  | scrolls when taking damage. [an orb of fire]
 71808 | Zot:5    | Gained mutation: Armour fits poorly on your strangely
                  | shaped body. [an orb of fire]
 71811 | Zot:5    | Killed a dread lich
 71814 | Zot:5    | Gained mutation: You are frail. (-10% HP) [an orb of fire]
 71815 | Zot:5    | Gained mutation: You sometimes lose the ability to read
                  | scrolls when taking damage. [an orb of fire]
 71819 | Zot:5    | Gained mutation: Your body sometimes deteriorates upon
                  | taking damage. [an orb of fire]
 71821 | Zot:5    | Killed an orb of fire
 71909 | Zot:5    | Lost mutation: You passively map a small area around you.
                  | [potion of mutation]
 71909 | Zot:5    | Lost mutation: You sometimes lose the ability to read
                  | scrolls when taking damage. [potion of mutation]
 71909 | Zot:5    | Lost mutation: Armour fits poorly on your strangely shaped
                  | body. [potion of mutation]
 71909 | Zot:5    | Lost mutation: You are frail. (-10% HP) [potion of
                  | mutation]
 71910 | Zot:5    | Lost mutation: You have a pair of large horns on your head.
                  | [potion of mutation]
 71910 | Zot:5    | Lost mutation: You are strong-willed. (Will+) [potion of
                  | mutation]
 71910 | Zot:5    | Lost mutation: Your body sometimes deteriorates upon taking
                  | damage. [potion of mutation]
 71910 | Zot:5    | Gained mutation: Your flesh is heat resistant. (rF+)
                  | [potion of mutation]
 71910 | Zot:5    | Gained mutation: Your movements are slightly less
                  | encumbered by armour. (ER -2) [potion of mutation]
 71911 | Zot:5    | Lost mutation: You occasionally lose the ability to read
                  | scrolls when taking damage. [potion of mutation]
 71911 | Zot:5    | Lost mutation: Your flesh is heat resistant. (rF+) [potion
                  | of mutation]
 71911 | Zot:5    | Gained mutation: You have supernaturally acute eyesight.
                  | (SInv) [potion of mutation]
 71911 | Zot:5    | Gained mutation: You are partially covered in iridescent
                  | scales. (AC +2) [potion of mutation]
 71911 | Zot:5    | Gained mutation: You are mostly covered in iridescent
                  | scales. (AC +4) [potion of mutation]
 72051 | Zot:5    | Noticed a dread lich
 72057 | Zot:5    | Killed a dread lich
 72173 | Zot:5    | Mangled by a stone giant

Illustrated notes

Levels and vault maps discovered:
D:1:      minmay_arrival_nine_rooms, layout_rooms,
          hellmonk_ecumenical_altar_inner_sanctum, minmay_split_cup_small
D:2:      layout_basic, basic_altar, uniq_terence, uniq_natasha, uniq_jessica
D:3:      layout_rooms, gup_sewer_entry_spiral
D:4:      layout_loops_ring, mainiacjoe_overflow_boulevard,
          mainiacjoe_overflow_brackets, nicolae_overflow_crystal_walls,
          gammafunk_temple_overflow_forgotten, kennysheep_nub, uniq_pikel
D:5:      layout_loops_corners, uniq_edmund
D:6:      layout_basic, minmay_temple_entry_water_ring, serial_shops,
          nicolae_shop_tiny_statue_garden, amcnicky_mini_rare_corridor_liquid,
          minmay_ruined_shrine
D:7:      nicolae_cairo_tiling, layout_basic, old_standard_altar,
          marbit_many_paths, kennysheep_potato
D:8:      layout_gridville, vehumet_statue, gammafunk_ghost_wrathful_warriors,
          minmay_misc_feat_nine_boxes, minmay_misc_feat_x
D:9:      layout_roguey, nicolae_overflow_quartered_altars,
          minmay_lair_entry_grove, onia_ninara_dug_in_and_dangerous, uniq_erica
D:10:     layout_irregular_city, general_overflow_altar, lemuel_crystal_altar,
          gammafunk_ghost_grave
D:11:     layout_loops_ring, david_orc_2, uniq_lodul, uniq_urug
D:12:     layout_cross
D:13:     minmay_the_grid_triangle_9x9_recursive_2_mashed
          [minmay_the_grid_triangle_9x9_prize_schism,
          minmay_the_grid_triangle_9x9_sparse_checkered,
          minmay_the_grid_triangle_9x9_tough_junction,
          minmay_the_grid_triangle_9x9_shrine], layout_long_grid, erik_vaults_2,
          roderic_batcave, minmay_starry_boxes, uniq_josephine
D:14:     layout_gridville, serial_shops, shop, shop, shop, shop,
          chequers_serial_rivers_large_a, nicolae_shop_i_like_small_books_too
D:15:     hellmonk_depths_entry_around_the_bend, layout_irregular_city
Lair:1:   layout_cave_pods, gauntlet_entry_generic
Lair:2:   layout_roguey, nicolae_swamp_entry_splash_gauntlet, grunt_megastairs_4
Lair:3:   layout_loops_ring, nicolae_snake_entry_squirm, uniq_nessos,
          uniq_fannar
Lair:4:   nzn_winding_woodlands_three_and_one
          [nzn_winding_woodlands_5x15_pathside_ponds,
          nzn_winding_woodlands_5x15_river_crossing,
          nzn_winding_woodlands_5x15_concentric,
          nzn_winding_woodlands_center_pierced_h], layout_regular_city
Lair:5:   hangedman_lair_in_review, layout_big_grid,
          nicolae_slime_entry_field_trip, basic_altar
Swamp:1:  layout_basic_swamp, evilmike_swamp_ruin_rubble_2
Swamp:2:  layout_basic_swamp, evilmike_swamp_ruin_house_4,
          infiniplex_staircase_pool_2, uniq_louise
Swamp:3:  layout_falls_marsh, nicolae_swamp_well_well_well, swamp_pool3,
          nicolae_swamp_godswood
Swamp:4:  swamp_alternative, layout_basic_swamp, gammafunk_ghost_grave
Snake:1:  layout_rooms, serial_shops, shop, grunt_megastairs_1,
          minmay_shoptagon, uniq_aizul, uniq_azrael, uniq_frances
Snake:2:  layout_honeycomb, grunt_megastairs_3, uniq_vashnia, uniq_saint_roka
Snake:3:  layout_misc_corridors, basic_altar, grunt_megastairs_2, uniq_mlioglotl
Snake:4:  grunt_snake_rune_spirals, layout_onion_interference
Orc:1:    layout_caves, gammafunk_ghost_arena
Orc:2:    grunt_orc_cross, layout_caves, serial_shops,
          nicolae_shop_gibbet_a_chance, hangedman_minor_magic, uniq_erolcha
Elf:1:    layout_geoelf_octagon, portal_desolation_entry_ruin, special_room
          [special_room_orc], hangedman_elf_represent,
          nicolae_elf_variegated_diamond, uniq_nikola
Elf:2:    elven_hall_of_blades_hangedman_alternative [nicolae_blade_lattice],
          layout_geoelf_octagon, portal_ice_cave_entry_ice_statue_two,
          uniq_asterion
Vaults:1: nicolae_vaults_asterisk, nicolae_vaults_asterisk, v_misc_27,
          grunt_vaults_hallway_short, v_misc_32, nicolae_vaults_house_1,
          nicolae_vaults_trapezoid_lopsided_1, layout_vaults_omnigrid,
          serial_shops, nicolae_shop_hallway_stairs
Vaults:2: vaults_room_door_hall, grunt_vaults_twisty,
          nicolae_vaults_tetromino_T_1, st_greater_box_5,
          nicolae_vaults_lightning_bolt, nicolae_vaults_shelves_hall,
          nicolae_vaults_weapon_check, nicolae_vaults_windows_and_doors_thing,
          nicolae_vaults_frosty_reception, hangedman_vaults_maws,
          nicolae_vaults_storage_room_glass, layout_vaults_omnibox,
          serial_shops, shop
Vaults:3: nicolae_vaults_tetromino_Z_2, v_misc_1, vaults_room_octagon,
          nicolae_vaults_apartment_1, minmay_crypt_entry_simple_plaza,
          nicolae_vaults_more_shelving_1, nicolae_vaults_six-pack,
          nicolae_vaults_tetromino_T_1, v_rooms_2, nicolae_vaults_sightless_eye,
          nicolae_vaults_specimen_jars, hangedman_vaults_snaps,
          nicolae_vaults_little_squares_1, vaults_dpeg_ring,
          layout_vaults_big_room, uniq_xtahua
Vaults:4: nicolae_vaults_more_shelving_2, nicolae_vaults_asterisk,
          vaults_mumra_chevron, nicolae_vaults_triangles,
          nicolae_vaults_oozy_zoo, nicolae_vaults_tetromino_Z_2, v_misc_29,
          nicolae_vaults_trapezoid_2, nicolae_vaults_closet_pinwheel_6,
          vaults_room_stairs_pillars, vaults_dpeg_diagonal,
          nicolae_vaults_tetromino_T_1, layout_vaults_omnicross, uniq_boris
Vaults:5: serial_shops
Crypt:1:  layout_chaotic_city, uniq_sojobo, uniq_zenata
Crypt:2:  layout_basic, lightli_enter_wizlab_magi_temple,
          roderic_lattice_octagonal_star, uniq_khufu
Crypt:3:  church_of_pain_bobbens, layout_chaotic_city, tomb_entry_shell_bobbens,
          gammafunk_ghost_crypt
Depths:1: minmay_bloctagon_deflated, layout_gridville, abyss_entry_flame_altar,
          led_sif_pool, pf_vacation_house_of_asmodeus,
          nicolae_shop_firing_range, serial_bayou_shore_a, serial_bayou_shore_b
Depths:2: minmay_tearing_corner, layout_cave_pools,
          serial_sigils_hangedman_scar, hell_entry, pan_entry, serial_shops,
          shop, shop, infiniplex_staircase_pillars_3b, serial_bayou_shore_b
Depths:3: vault_1, layout_gridlike, enter_ziggurat_f, fedhas_altar_3,
          hell_entry, abyss_entry_crystal, infiniplex_staircase_split_hallway,
          minmay_shop_grove
Depths:4: grunt_crosshair, layout_basic, lightli_too_deep, serial_bayou_pond_d,
          hangedman_abyss_or_decor_stagger, tso_altar,
          infiniplex_staircase_pool_lava
Zot:1:    layout_gridville, amethyst_zot_foddershock, grunt_megastairs_5
Zot:2:    layout_onion, hangedman_elemental_corridor
Zot:3:    layout_misc_corridors
Zot:4:    layout_basic
Zot:5:    layout_gridville, st_stairs_13

Skill      XL: |  1  2  3  4  5  6  7  8  9 10 11 12 13 14 15 16 17 18 19 20 21 22 23 24 25 |
---------------+----------------------------------------------------------------------------+-----
Axes           | 4 5 6 7 9 11 14 16 17 18 22 | 22.4
Fighting       | 4 5 7 9 10 12 15 16 17 20 21 24 27 | 27.0
Armour         | 4 9 14 15 19 22 | 22.1
Shields        | 9 14 15 17 18 | 18.9
Throwing       | 3 9 12 16 | 16.0
Dodging        | 8 11 12 15 20 | 20.9
Evocations     | 8 |  8.0
Invocations    | 7 11 | 11.8

Action                     |  1- 3 |  4- 6 |  7- 9 | 10-12 | 13-15 | 16-18 | 19-21 | 22-24 | 25-27 || total
---------------------------+-------+-------+-------+-------+-------+-------+-------+-------+-------++-------
  Melee: Hand axe          |    57 |   202 |    72 |       |       |       |       |       |       ||   331
         Headbutt          |     6 |    34 |    23 |    67 |   137 |   272 |   291 |   400 |    58 ||  1288
         Punch             |       |     2 |       |     2 |       |       |       |       |       ||     4
         War axe           |       |       |    46 |   293 |    82 |       |       |       |       ||   421
         Broad axe         |       |       |       |       |   647 |  1274 |  1319 |  1430 |   206 ||  4876
   Fire: Sling             |       |     6 |       |       |       |       |       |       |       ||     6
  Throw: Dart              |       |       |       |    10 |     2 |     4 |       |       |       ||    16
         Javelin           |       |       |       |     1 |    17 |    16 |     5 |    13 |     1 ||    53
         Boomerang         |       |       |       |       |       |       |     4 |       |       ||     4
         Throwing net      |       |       |       |       |       |       |     1 |       |       ||     1
 Invoke: Berserk           |     2 |       |     1 |     5 |     8 |    13 |     5 |     1 |       ||    35
         Trog's Hand       |       |       |       |       |     5 |       |     4 |     1 |       ||    10
         Brothers in Arms  |       |       |       |       |     2 |    13 |     7 |     3 |       ||    25
         Grand Finale      |       |       |       |       |       |       |       |     1 |     1 ||     2
  Evoke: Lightning rod     |       |       |       |       |     4 |     1 |       |       |       ||     5
         Wand              |       |       |       |       |     1 |    11 |     1 |     1 |       ||    14
         Tin of tremorston |       |       |       |       |       |       |       |       |     2 ||     2
         Phial of floods   |       |       |       |       |       |       |       |       |     1 ||     1
    Use: Scroll            |     4 |    10 |     9 |     2 |     5 |    16 |    11 |    16 |    12 ||    85
         Potion            |       |       |       |       |     2 |     4 |     2 |     3 |    13 ||    24
   Stab: Distracted        |       |       |       |       |       |     2 |       |       |       ||     2
         Petrified         |       |       |       |       |       |       |       |     1 |       ||     1
         Paralysed         |       |       |       |       |       |       |       |    23 |    32 ||    55
 Armour: Animal skin       |     9 |       |       |       |       |       |       |       |       ||     9
         Ring mail         |     2 |     1 |       |       |       |       |       |       |       ||     3
         Chain mail        |       |   109 |     2 |       |       |       |       |       |       ||   111
         Scale mail        |       |       |    18 |    53 |   104 |       |       |       |       ||   175
         Crystal plate arm |       |       |       |       |    74 |   562 |   505 |    41 |       ||  1182
         Gold dragon scale |       |       |       |       |       |       |       |   637 |    76 ||   713
  Dodge: Dodged            |    46 |   104 |    57 |   179 |   308 |   462 |   411 |   443 |    47 ||  2057
  Block: Other             |       |       |       |    11 |       |       |       |       |       ||    11
         Reflection        |       |       |       |     5 |    10 |   163 |   116 |    40 |     1 ||   335
         Buckler           |       |       |       |    57 |    52 |       |       |       |       ||   109
         Kite shield       |       |       |       |       |   339 |   722 |  1054 |  1004 |   130 ||  3249
         Tower shield      |       |       |       |       |       |   431 |       |       |       ||   431

Table legend: (Time is in decaauts)
 A = Elapsed time spent in this place.
 B = Non-inter-level travel time spent in this place.
 C = Inter-level travel time spent in this place.
 D = Time resting spent in this place.
 E = Time spent auto-exploring this place.
 F = Levels seen in this place.
 G = Mean time per level.
                   A        B        C        D        E       F      G
               +--------+--------+--------+--------+--------+-----+--------+
         Total |  71842 |  62487 |   9355 |  24423 |  16828 |  52 | 1381.6 |
       Dungeon |  17883 |  15824 |   2059 |   4661 |   8256 |  15 | 1192.2 |
          Lair |   5600 |   5181 |    419 |   1381 |   2735 |   5 | 1120.0 |
         Swamp |   7394 |   7018 |    376 |   4115 |   1210 |   4 | 1848.5 |
     Snake Pit |   6890 |   6154 |    736 |   2654 |    857 |   4 | 1722.5 |
  Orcish Mines |   2657 |   1955 |    702 |    590 |    578 |   2 | 1328.5 |
   Elven Halls |   2121 |   1790 |    331 |    611 |    156 |   2 | 1060.5 |
        Vaults |  10898 |   8982 |   1916 |   3662 |   1016 |   5 | 2179.6 |
         Crypt |    948 |    823 |    125 |    236 |      0 |   3 |  316.0 |
        Depths |   8052 |   6838 |   1214 |   2759 |   1736 |   4 | 2013.0 |
           Zot |   7354 |   5882 |   1472 |   2979 |    264 |   5 | 1470.8 |
         Sewer |    392 |    392 |      0 |      0 |     18 |   1 |  392.0 |
      Ice Cave |   1189 |   1189 |      0 |    626 |      0 |   1 | 1189.0 |
      Gauntlet |    458 |    458 |      0 |    146 |      0 |   1 |  458.0 |
               +--------+--------+--------+--------+--------+-----+--------+

Top non-repeatable levels by time:
 Snake:4: 3016 daAuts
Vaults:5: 2691 daAuts
   Zot:1: 2664 daAuts
 Swamp:2: 2465 daAuts
    D:11: 2421 daAuts
Vaults:4: 2415 daAuts
Depths:3: 2253 daAuts
Vaults:2: 2252 daAuts
    D:13: 2168 daAuts
Depths:4: 2140 daAuts
 Swamp:1: 2078 daAuts
Vaults:3: 1919 daAuts
Depths:1: 1916 daAuts
   Orc:2: 1909 daAuts
  Lair:2: 1821 daAuts
